 Dungeon Crawl Stone Soup version 0.24-a0-271-ga0fc33f724 (webtiles) character file.

Game seed: 16261701590186719094

74 Darkell the Chiller (level 4, -2/30 HPs)
             Began as a Demonspawn Ice Elementalist on Apr 23, 2019.
             Slain by a worm (10 damage)
             ... on level 3 of the Dungeon on Apr 24, 2019.
             The game lasted 00:03:09 (2191 turns).

Darkell the Chiller (Demonspawn Ice Elementalist)   Turns: 2191, Time: 00:03:09

Health: -2/30      AC:  6    Str:  8    XL:     4   Next: 10%
Magic:  0/7        EV: 12    Int: 17    God:
Gold:   79         SH:  0    Dex: 14    Spells: 6/7 levels left

rFire    . . .     SeeInvis .   e - +0 dagger (pain)
rCold    . . .     Gourm    .   (no shield)
rNeg     . . .     Faith    .   a - +0 robe
rPois    .         Spirit   .   (no helmet)
rElec    .         Reflect  .   m - scarf {repulsion}
rCorr    .         Harm     .   j - +0 pair of gloves
MR       .....                  (no boots)
Stlth    ++........             (no amulet)
HPRegen  0.10/turn              (no ring)
MPRegen  0.10/turn              (no ring)

@: repel missiles
A: hooves 1, icy blue scales 2
a: no special abilities


You were on level 3 of the Dungeon.
You were very hungry.

You visited 1 branch of the dungeon, and saw 3 of its levels.

You collected 79 gold pieces.

Inventory:

Hand Weapons
 e - a +0 dagger of pain (weapon)
Armour
 a - a +0 robe (worn)
 j - a +0 pair of gloves (worn)
 m - a scarf of repulsion (worn)
Wands
 p - a wand of flame (17)
Scrolls
 b - 2 scrolls of remove curse {unknown}
 d - 2 scrolls of teleportation {unknown}
 h - 2 scrolls of enchant weapon {unknown}
 l - a scroll of amnesia {unknown}
 o - a scroll of random uselessness {unknown}
 q - a scroll of fog {unknown}
 r - a scroll of blinking {unknown}
 s - a scroll of identify {unknown}
Potions
 f - 2 potions of lignification {unknown}
 g - a potion of magic {unknown}
 i - a potion of berserk rage {unknown}
 k - a potion of resistance {unknown}
 n - a potion of degeneration {unknown}
Comestibles
 c - 5 rations


   Skills:
 - Level 1.7 Dodging
 - Level 1.7 Stealth
 - Level 2.0 Spellcasting
   Level 1.0 Conjurations
 + Level 4.5 Ice Magic


You had 6 spell levels left.
You knew the following spells:

 Your Spells              Type           Power        Failure   Level  Hunger
a - Freeze                Ice            ###.         3%          1    #......

Your spell library contained the following spells:

 Spells                   Type           Power        Failure   Level  Hunger
 Throw Frost              Conj/Ice       ##....       10%         2    ###....
 Ozocubu's Armour         Chrm/Ice       #.......     22%         3    ###....
 Throw Icicle             Conj/Ice       ##......     52%         4    #####..
 Summon Ice Beast         Ice/Summ       #.......     58%         4    #####..


Dungeon Overview and Level Annotations

Branches:
Dungeon (3/15)

Altars:
Hepliaklqana
Nemelex Xobeh
Xom
The Shining One


Innate Abilities, Weirdness & Mutations

You have large cloven feet.
You are mostly covered in icy blue scales. (AC +3)


Message History

The worm is almost dead.
You hit the worm.
The worm is almost dead.
The worm bites you.
* * * LOW HITPOINT WARNING * * *
You hit the worm but do no damage.
The worm is almost dead.
You are feeling very hungry.
Casting: Freeze (safe; 3% risk of failure)
Confirm with . or Enter, or press ? or * to list all spells.
Aiming: Freeze (safe; 3% risk of failure)
Press: ? - help, Shift-Dir - straight line, f/p - worm
Aim: a worm (almost dead)
You freeze the worm.
The worm is almost dead.
The worm bites you but does no damage.
You hit the worm.
The worm is almost dead.
The worm bites you!
You die...

#######....###
#.# #.#.###.#
.....##.##...#
+.+ #.#.. ...
.....##.##...#
####.##+#.#..#
##
......#.###..#
..........#..#
......#.# #..#
###.##'#.#...
........# #..#
#.#..#.#.##
.....#### #..#
+.'.)#.#.#
+#####
#.##.#+##.####.#
#.##.w@........#
#)#+##.####.# #
#.# .# +.+ #.#
... #.# .#


You could see a worm.

Vanquished Creatures
  2 adders (D:2)
  2 worms
  2 dart slugs
  A leopard gecko (D:2)
  2 orcs (D:3)
  4 ball pythons
  5 bats
  4 giant cockroaches
  5 hobgoblins
  6 kobolds
  A frilled lizard (D:2)
  3 goblins (D:2)
  8 rats
45 creatures vanquished.

Notes
Turn   | Place    | Note
-------+----------+-------------------------------------------
     0 | D:1      | Darkell the Demonspawn Ice Elementalist began the quest for
                  | the Orb.
     0 | D:1      | Reached XP level 1. HP: 13/13 MP: 3/3
    35 | D:1      | Reached skill level 3 in Ice Magic
   405 | D:1      | Gained mutation: You are partially covered in icy blue
                  | scales. (AC +2) [demonic ancestry]
   405 | D:1      | Reached XP level 2. HP: 14/19 MP: 3/5
  1055 | D:2      | Gained mutation: You are mostly covered in icy blue scales.
                  | (AC +3) [demonic ancestry]
  1055 | D:2      | Reached XP level 3. HP: 22/24 MP: 1/6
  1109 | D:2      | Found a sparkling altar of Nemelex Xobeh.
  1146 | D:2      | Found a glowing golden altar of the Shining One.
  1181 | D:2      | Reached skill level 4 in Ice Magic
  1348 | D:2      | Found a hazy altar of Hepliaklqana.
  1349 | D:2      | Found a shimmering altar of Xom.
  1349 | D:2      | Noticed a hell beast
  1350 | D:2      | Noticed a spectral ugly thing
  1350 | D:2      | Noticed a hell beast
  2151 | D:3      | Gained mutation: You have large cloven feet. [demonic
                  | ancestry]
  2151 | D:3      | Reached XP level 4. HP: 30/30 MP: 4/7
  2191 | D:3      | Slain by a worm

Levels and vault maps discovered:
D:1:      mushboom_english_gardens, layout_basic
D:2:      layout_loops_ring, regret_index_temple_of_mockery, tso_metal_star,
          nemelex_xobeh_ov_fountains_minmay
D:3:      minmay_door_path, layout_basic,
          grunt_temple_overflow_forces_of_nature, overflow_temple_1_default,
          zin_statuary, uniq_natasha

Skill      XL: |  1  2  3 |
---------------+----------+-----
Ice Magic      | 3 4 |  4.5
Dodging        | |  1.7
Stealth        | |  1.7
Spellcasting   | |  2.0
Conjurations   | |  1.0

Action                   |  1- 3 |  4- 6 || total
-------------------------+-------+-------++-------
Melee: Unarmed           |    13 |       ||    13
       Dagger            |    58 |     9 ||    67
       Kick              |       |     3 ||     3
 Cast: Freeze            |    58 |     9 ||    67
 Stab: Sleeping          |     2 |       ||     2
       Distracted        |     1 |       ||     1
  Eat: Chunk             |     4 |       ||     4
Armor: Robe              |    41 |     2 ||    43
Dodge: Dodged            |    74 |     5 ||    79

Table legend:
 A = Non-vault XP
 B = Vault XP
 C = Vault XP percentage of total XP
 D = Non-vault monster count
 E = Vault monster count
 F = Vault count percentage of total count
                 A         B        C        D         E       F
            +---------+---------+-------+---------+---------+-------
      Total |     104 |       3 |   2.8 |      44 |       1 |   2.2
            +---------+---------+-------+---------+---------+-------
        D:1 |      32 |       0 |   0.0 |      17 |       0 |   0.0
        D:2 |      58 |       0 |   0.0 |      20 |       0 |   0.0
        D:3 |      14 |       3 |  17.6 |       7 |       1 |  12.5
            +---------+---------+-------+---------+---------+-------
